 Dungeon Crawl Stone Soup version 0.29-a0-100-g60f898f876 (webtiles) character file.

Game seed: 1014903036915375549

20836 kae the Basher (level 12, -11/110 HPs)
             Began as a Minotaur Fighter on Feb 14, 2022.
             Was an Elder of Qazlal.
             Mangled by a komodo dragon (15 damage)
             ... on level 1 of the Lair of Beasts.
             The game lasted 00:06:58 (14287 turns).

kae the Basher (Minotaur Fighter)                  Turns: 14287, Time: 00:06:59

Health: -11/110    AC: 16    Str: 23    XL:     12   Next: 48%
Magic:  16/16      EV:  9    Int:  7    God:    Qazlal [****..]
Gold:   643        SH: 16    Dex: 11    Spells: 11/11 levels left

rFire   . . .      SeeInvis +   i - +4 mace "Eviscerator" {spect, rC+ Will+}
rCold   + . .      Faith    .   c - +0 buckler
rNeg    . . .      Spirit   .   b - +0 scale mail
rPois   .          Reflect  +   (helmet restricted)
rElec   .          Harm     .   (no cloak)
rCorr   .          Rampage  .   (no gloves)
Will    +....                   u - +2 pair of boots
Stlth   ..........              t - amulet of reflection
HPRegen 0.28/turn               j - ring of see invisible
MPRegen 0.15/turn               l - +4 ring of protection

@: repel missiles
A: horns 2, retaliatory headbutt
a: Renounce Religion, Upheaval, Elemental Force


You were on level 1 of the Lair of Beasts.
You worshipped Qazlal.
Qazlal was greatly pleased with you.
You visited 2 branches of the dungeon, and saw 12 of its levels.

You collected 643 gold pieces.

Inventory:

Hand Weapons
 a - a +1 flail of freezing
 i - the +4 mace "Eviscerator" (weapon) {spect, rC+ Will+}
   (You took it off a kobold on level 4 of the Dungeon)

   When its wielder attacks, the weapon's spirit leaps out and strikes again.
   The spirit shares a part of any damage it takes with its wielder.
   rC:        It protects you from cold.
   Will:      It increases your willpower.
Missiles
 p - 2 throwing nets (quivered)
Armour
 b - a +0 scale mail (worn)
 c - a +0 buckler (worn)
 u - a +2 pair of boots (worn)
Jewellery
 e - a ring of wizardry
 j - a ring of see invisible (left hand)
 l - a +4 ring of protection (right hand)
 t - an amulet of reflection (around neck)
 v - a ring of magical power
 H - a ring of wizardry
Scrolls
 g - 4 scrolls of identify
 m - 2 scrolls of blinking
 o - a scroll of fear
 r - 2 scrolls of enchant weapon
 s - a scroll of fog
 w - 2 scrolls of brand weapon
 y - a scroll of amnesia
 A - 3 scrolls of teleportation
 G - a scroll of holy word
Potions
 d - 6 potions of might
 f - 3 potions of lignification
 h - a potion of brilliance
 k - 4 potions of mutation
 n - a potion of invisibility
 q - a potion of curing
 x - a potion of heal wounds
 z - 3 potions of attraction
 B - 2 potions of haste
 C - 2 potions of flight
 D - a potion of resistance
 E - a potion of berserk rage
 F - a potion of magic


   Skills:
 + Level 11.6 Fighting
 - Level 14.0 Maces & Flails
 + Level 11.6 Armour
 + Level 11.6 Shields
 + Level 7.4 Invocations


You had 11 spell levels left.
You didn't know any spells.
Your spell library contained the following spells:

 Spells                   Type           Power      Damage    Failure   Level
 Foxfire                  Conj/Fire      0%         2x1d4     75%         1
 Blink                    Tloc           0%         N/A       86%         2
 Ensorcelled Hibernation  Hex/Ice        0%         N/A       86%         2
 Passwall                 Tmut/Erth      0%         N/A       86%         2
 Conjure Flame            Conj/Fire      0%         6-21      98%         3
 Inner Flame              Hex/Fire       0%         N/A       98%         3
 Lesser Beckoning         Tloc           0%         N/A       98%         3
 Mephitic Cloud           Conj/Pois/Air  0%         N/A       98%         3
 Stone Arrow              Conj/Erth      0%         3d7       98%         3
 Swiftness                Air            0%         N/A       98%         3
 Tukima's Dance           Hex            0%         N/A       98%         3
 Anguish                  Hex/Necr       0%         N/A       100%        4
 Animate Armour           Summ/Erth      0%         N/A       100%        4
 Flame Wave               Conj/Fire      0%         2d4       100%        4
 Manifold Assault         Tloc           0%         N/A       100%        5
 Enfeeble                 Hex            0%         N/A       100%        7
 Spellforged Servitor     Conj/Summ      0%         N/A       100%        7
 Storm Form               Tmut/Air       0%         N/A       100%        7
 Lehudib's Crystal Spear  Conj/Erth      0%         10d2      100%        8
 Fire Storm               Conj/Fire      0%         5d1       100%        9


Dungeon Overview and Level Annotations

Branches:
Dungeon (11/15)            Temple (0/1) D:6            Lair (1/6) D:11
    Orc (0/2) D:11

Altars:
Ashenzari
Cheibriados
Dithmenos
Elyvilon
Fedhas
Hepliaklqana
Okawaru
Qazlal
Sif Muna
Trog
Vehumet
Wu Jian
Xom
Beogh

Portals:
Trove: D:11 (lose all piety)

Annotations:
D:10 exclusion: obsidian statue


Innate Abilities, Weirdness & Mutations

You have a pair of horns on your head.
You reflexively headbutt those who attack you in melee.


Message History

A komodo dragon comes into view.
Your +4 mace "Eviscerator" {spect, rC+ Will+} is engulfed in blazing flames.
You hit the yak.
The yak is lightly wounded.
Your +4 mace "Eviscerator" {spect, rC+ Will+} hits the yak!
You block the yak's attack.
You hit the yak. You headbutt the yak.
The yak is moderately wounded.
Your +4 mace "Eviscerator" {spect, rC+ Will+} hits the yak.
You hit the yak. You headbutt the yak.
The yak is heavily wounded.
Your +4 mace "Eviscerator" {spect, rC+ Will+} hits the yak.
You block the yak's attack.
You hit the yak.
The yak is severely wounded.
Your +4 mace "Eviscerator" {spect, rC+ Will+} hits the yak!
The yak gores your +4 mace "Eviscerator" {spect, rC+ Will+}!
Your spectral weapon shares its damage with you!
* * * LOW HITPOINT WARNING * * *
You block the yak's attack.
You barely miss the yak. You headbutt the yak!
The yak is moderately wounded.
Your +4 mace "Eviscerator" {spect, rC+ Will+} hits the yak!
You block the yak's attack.
You sock the yak! You headbutt the yak.
You kill the yak!
Qazlal accepts your kill. The yak gores you but does no damage.
You sock the yak! You headbutt the yak!
The yak is almost dead.
Your +4 mace "Eviscerator" {spect, rC+ Will+} hits the yak!
You kill the yak!
Qazlal accepts your kill. The komodo dragon bites you!
* * * LOW HITPOINT WARNING * * *
You see here a yak corpse.
You barely miss the komodo dragon.
Your +4 mace "Eviscerator" {spect, rC+ Will+} hits the komodo dragon.
The komodo dragon bites you!
You die...

..............
.......)....... ......
..............## #......
...........[..P##.......
........................
........................
...............☼.○......
...............§.l#P....
.....#.......§°☼@(......
.....#.......°°††..$....
........................
........................
.<......................
.†..†.....>.............
........................
........................
.........#P...........


You could see a komodo dragon and a friendly +4 mace "Eviscerator" {spect, rC+
Will+} (summoned).

Vanquished Creatures
  Gastronok (D:11)
  A hydra (Lair:1)
  2 boulder beetles
  4 two-headed ogres
  A manticore (D:11)
  An ugly thing (D:11)
  A cyclops (D:8)
  A black mamba (Lair:1)
  2 cane toads (Lair:1)
  A kobold demonologist (D:11)
  A rime drake (Lair:1)
  2 unseen horrors
  Psyche (D:11)
  2 komodo dragons
  A yaktaur (D:8)
  A polar bear (D:10)
  A meliai zombie (D:11)
  A wraith (D:11)
  19 yaks
  A basilisk (D:8)
  Grum (D:10)
  A steam dragon (D:10)
  3 vampire mosquitoes (D:8)
  4 water moccasins
  6 ice beasts
  4 orc warriors
  4 sky beasts
  A meliai simulacrum (D:10)
  5 wolves
  A necrophage (D:6)
  2 ogres
  3 centaurs
  A kobold brigand (D:10)
  A phantom (D:7)
  5 bullfrogs
  2 scorpions
  A water moccasin zombie (D:5)
  A wyvern skeleton (D:7)
  A water moccasin skeleton (D:5)
  29 killer bees
  An electric eel (D:7)
  8 wights
  6 howler monkeys (D:9)
  A jelly (D:8)
  6 centaur zombies
  7 orc priests
  An iguana (D:4)
  A centaur skeleton (D:6)
  2 gnoll shamans
  A bullfrog skeleton (D:7)
  10 orc wizards
  5 centaur simulacra (D:10)
  2 howler monkey zombies
  An adder (D:2)
  9 gnolls
  A howler monkey skeleton (D:7)
  2 white imps
  2 dart slugs
  29 orcs
  5 endoplasms
  2 giant cockroaches
  8 goblins
  8 hobgoblins
  4 jackals (D:1)
  2 quokkas
  9 ball pythons
  3 bats
  A frilled lizard (D:1)
  12 kobolds
  4 rats
274 creatures vanquished.

Notes
Turn   | Place    | Note
-------+----------+-------------------------------------------
     0 | D:1      | kae the Minotaur Fighter began the quest for the Orb.
     0 | D:1      | Reached XP level 1. HP: 19/19 MP: 0/0
   148 | D:1      | Reached XP level 2. HP: 27/27 MP: 1/1
   200 | D:1      | Reached skill level 3 in Maces & Flails
   214 | D:1      | Noticed a shining eye
   216 | D:1      | Found a faded altar of an unknown god.
   218 | D:1      | Noticed a great orb of eyes
   218 | D:1      | Noticed an eye of devastation
   218 | D:1      | Noticed a great orb of eyes
   508 | D:1      | Reached XP level 3. HP: 23/33 MP: 2/2
  1565 | D:3      | Reached XP level 4. HP: 24/40 MP: 3/3
  2305 | D:2      | Reached skill level 4 in Maces & Flails
  3203 | D:2      | Reached XP level 5. HP: 20/47 MP: 4/4
  3561 | D:3      | Found a shimmering altar of Xom.
  3988 | D:4      | Identified the +4 mace "Eviscerator" {spect, rC+ Will+}
  3993 | D:4      | Reached skill level 5 in Maces & Flails
  3993 | D:4      | Reached XP level 6. HP: 55/55 MP: 5/5
  4403 | D:4      | Found a radiant altar of Vehumet.
  4403 | D:4      | Found a broken altar of Ashenzari.
  4411 | D:4      | Found a snail-covered altar of Cheibriados.
  4413 | D:4      | Found an ornate altar of the Wu Jian Council.
  4415 | D:4      | Found a white marble altar of Elyvilon.
  4492 | D:4      | Reached skill level 5 in Shields
  4631 | D:5      | Entered Level 5 of the Dungeon
  4637 | D:5      | Reached skill level 5 in Fighting
  4637 | D:5      | Reached skill level 5 in Armour
  4674 | D:5      | Found a hazy altar of Hepliaklqana.
  4714 | D:5      | Found a stormy altar of Qazlal.
  4806 | D:5      | Became a worshipper of Qazlal Stormbringer
  4876 | D:5      | Noticed a sky beast
  4879 | D:5      | Killed a sky beast
  4880 | D:5      | Reached skill level 6 in Maces & Flails
  4965 | D:5      | Reached XP level 7. HP: 61/61 MP: 6/6
  5437 | D:6      | Noticed a boulder beetle
  5440 | D:6      | Reached skill level 7 in Maces & Flails
  5911 | D:6      | Found an iron altar of Okawaru.
  6277 | D:6      | Found a staircase to the Ecumenical Temple.
  6363 | D:7      | Found a bloodstained altar of Trog.
  6373 | D:7      | Reached XP level 8. HP: 64/70 MP: 7/7
  6410 | D:7      | Found a shimmering blue altar of Sif Muna.
  6469 | D:7      | Got Sif Muna's Almanac of the Compass
  6557 | D:7      | Found a blossoming altar of Fedhas.
  6609 | D:7      | Reached skill level 8 in Maces & Flails
  6789 | D:7      | Found a shadowy altar of Dithmenos.
  6850 | D:7      | Reached skill level 9 in Maces & Flails
  6901 | D:7      | Reached XP level 9. HP: 69/79 MP: 8/8
  6959 | D:7      | Reached * piety under Qazlal
  7499 | D:8      | Reached skill level 1 in Invocations
  7509 | D:8      | Reached skill level 10 in Maces & Flails
  7981 | D:8      | Got Iskenderun's Collected Works on Damage Dealing
  7998 | D:8      | Reached XP level 10. HP: 89/89 MP: 11/11
  8238 | D:8      | Reached skill level 11 in Maces & Flails
  8242 | D:8      | Reached ** piety under Qazlal
  8461 | D:8      | Noticed a two-headed ogre
  8464 | D:8      | Killed a two-headed ogre
  8612 | D:8      | Noticed a boulder beetle
  8620 | D:8      | Noticed a cyclops
  8648 | D:8      | Killed a cyclops
  8667 | D:8      | Killed a boulder beetle
  9289 | D:8      | Reached skill level 12 in Maces & Flails
 10325 | D:9      | Reached XP level 11. HP: 66/97 MP: 13/13
 10904 | D:9      | Reached *** piety under Qazlal
 11338 | D:10     | Entered Level 10 of the Dungeon
 11338 | D:10     | Noticed Grum
 11380 | D:9      | Reached skill level 5 in Invocations
 11675 | D:10     | Killed Grum
 11785 | D:10     | Noticed a two-headed ogre
 11794 | D:10     | Killed a two-headed ogre
 11795 | D:10     | Reached skill level 13 in Maces & Flails
 11810 | D:10     | Reached skill level 10 in Armour
 11972 | D:10     | Noticed an obsidian statue
 12186 | D:10     | Reached skill level 10 in Fighting
 12186 | D:10     | Reached skill level 10 in Shields
 12951 | D:11     | Noticed Gastronok
 12960 | D:11     | Killed Gastronok
 13038 | D:11     | Noticed Psyche
 13043 | D:11     | Killed Psyche
 13056 | D:11     | Noticed a boulder beetle
 13080 | D:11     | Killed a boulder beetle
 13081 | D:11     | Reached skill level 14 in Maces & Flails
 13233 | D:11     | Noticed a two-headed ogre
 13250 | D:11     | Killed a two-headed ogre
 13251 | D:11     | Reached XP level 12. HP: 20/108 MP: 15/15
 13591 | D:11     | Found a portal to a secret trove of treasure.
 13606 | D:11     | Found a staircase to the Orcish Mines.
 13630 | D:11     | Found a staircase to the Lair.
 13642 | D:11     | Noticed a two-headed ogre
 13643 | D:11     | Found a shimmering altar of Xom.
 13647 | D:11     | Killed a two-headed ogre
 13665 | D:11     | Reached **** piety under Qazlal
 14139 | Lair:1   | Entered Level 1 of the Lair of Beasts
 14185 | Lair:1   | Noticed an eight-headed hydra
 14192 | Lair:1   | Killed an eight-headed hydra
 14286 | Lair:1   | HP: 4/110 [komodo dragon (17)]
 14287 | Lair:1   | Mangled by a komodo dragon

Illustrated notes

Levels and vault maps discovered:
D:1:      eino_arrival_cavern_e, layout_basic,
          hellmonk_ecumenical_altar_watching_god, feat_on_display
D:2:      layout_basic, kennysheep_donut, nicolae_figureground_sparkle
D:3:      layout_rooms, xom_butterflies, patterned_corridor
D:4:      layout_loops_corners, chequers_temple_overflow_minitemple
D:5:      layout_cave_pools, nicolae_overflow_crystal_walls,
          worldfamousw_hep_ancestral_shrine, serial_column_ruins,
          column_ruins_courtyard_long, column_ruins_open_small_water,
          column_ruins_columns_straight, column_ruins_columns_straight,
          column_ruins_columns_corner, minmay_misc_feat_enclosed
D:6:      layout_loops_ring, lemuel_coloured_pillars_altar,
          minmay_temple_entry_enclosed_plants, chequers_serial_rivers_micro_d
D:7:      layout_loops_corners, nzn_overflow_gifts_of_might_and_magic,
          kennysheep_mini_moat, mainiacjoe_overflow_alcove_4,
          hangedman_abyss_or_decor_jellyfish_corner, kennysheep_path_1
D:8:      nzn_winding_woodlands_cross [nzn_winding_woodlands_5x15_sawtooth,
          nzn_winding_woodlands_5x15_pool, nzn_winding_woodlands_5x15_jagged,
          nzn_winding_woodlands_5x15_pockets,
          nzn_winding_woodlands_15x15_thick_spiral], layout_basic,
          kennysheep_generic_room_10
D:9:      layout_loops_ring, minivault_21, nrook_uturn,
          minmay_misc_feat_diagonals, minivault_25, kennysheep_small_circle
D:10:     layout_cross, serial_ice, serial_ice_c, serial_ice_f, serial_ice_n,
          serial_ice_j, serial_ice_o, chequers_hall_statues_wall_a,
          minmay_statue_bubble, uniq_grum
D:11:     layout_long_grid, lair_entry_dummy, minmay_orc_entry_temple_small,
          nicolae_trove_entry_isolated, xom_confusion_cloud, uniq_psyche,
          uniq_gastronok
Lair:1:   layout_cave_shapes, nicolae_volcano_entry_batcave, uniq_erica

Skill      XL: |  1  2  3  4  5  6  7  8  9 10 11 12 |
---------------+-------------------------------------+-----
Maces & Flails | 3 4 5 6 7 9 10 12 14 | 14.0
Shields        | 4 5 6 7 8 9 10 11 | 11.6
Fighting       | 4 5 6 7 8 9 10 11 | 11.6
Armour         | 4 5 6 7 8 9 10 11 | 11.6
Invocations    | 3 4 6 7 |  7.4

Action                   |  1- 3 |  4- 6 |  7- 9 | 10-12 || total
-------------------------+-------+-------+-------+-------++-------
Melee: Flail             |    77 |    74 |       |       ||   151
       Headbutt          |    13 |    19 |    34 |   105 ||   171
       Mace              |       |    18 |   167 |   496 ||   681
Invok: Upheaval          |       |       |       |     1 ||     1
       Elemental Force   |       |       |       |     1 ||     1
  Use: Scroll            |     7 |     2 |     8 |     8 ||    25
       Potion            |       |       |       |     1 ||     1
 Stab: Distracted        |       |       |     1 |     4 ||     5
Armor: Scale mail        |    45 |    25 |    42 |   186 ||   298
Dodge: Dodged            |    44 |    49 |    43 |   121 ||   257
       Repelled          |       |       |       |     1 ||     1
Block: Buckler           |    10 |    17 |    72 |   334 ||   433
       Reflection        |       |       |     3 |     3 ||     6

Table legend: (Time is in decaauts)
 A = Elapsed time spent in this place.
 B = Non-inter-level travel time spent in this place.
 C = Inter-level travel time spent in this place.
 D = Time resting spent in this place.
 E = Time spent auto-exploring this place.
 F = Levels seen in this place.
 G = Mean time per level.
                   A        B        C        D        E       F      G
               +--------+--------+--------+--------+--------+-----+--------+
         Total |  14248 |  13905 |    343 |   2606 |   9585 |  12 | 1187.3 |
       Dungeon |  14112 |  13769 |    343 |   2606 |   9508 |  11 | 1282.9 |
          Lair |    135 |    135 |      0 |      0 |     77 |   1 |  135.0 |
               +--------+--------+--------+--------+--------+-----+--------+

Top non-repeatable levels by time:
     D:8: 2782 daAuts
     D:2: 2181 daAuts
    D:11: 1495 daAuts
     D:9: 1425 daAuts
     D:7: 1110 daAuts
     D:3: 948 daAuts
    D:10: 944 daAuts
     D:4: 881 daAuts
     D:5: 852 daAuts
     D:6: 821 daAuts
     D:1: 668 daAuts
  Lair:1: 135 daAuts
